Map: Acid Plant LE

Players

CalebAracous - Winner!

  • Race: Zerg Zerg
  • Spawn Location: 5:00

DisK

  • Race: Protoss Protoss
  • Spawn Location: 11:00

Event: WCS Montreal 2018

VOD

Have the link to the VOD?

Description

Time

  • Played on: Sept. 7, 2018, 12:32 p.m.
  • Length: 12:15

All games in this series

Show
View Real Time Build Order
Export as new Build Order

CalebAracous Zerg - Winner!

Build Orders: Hatch First 

Get SALT Encoding   

  12  0:00  Drone  
  13  0:12  Overlord  
  13  0:16  Drone  
  14  0:30  Drone  
  14  0:31  Drone  
  16  0:48  Hatchery  
  15  0:51  Drone  
  15  0:55  Drone  
  17  0:58  Drone  
  18  1:10  Extractor  
  17  1:15  Spawning Pool  
  16  1:19  Drone  
  17  1:26  Drone  
  18  1:34  Drone  
  19  1:45  Drone  
  20  1:53  Overlord  
  20  2:05  Queen x2  
  20  2:06  Zergling x4  
  26  2:11  Metabolic Boost  
  26  2:13  Drone  
  27  2:23  Drone x3  
  30  2:39  Hatchery  
  30  2:42  Hatchery  
  29  2:50  Queen  
  31  2:55  Overlord  
  31  3:00  Drone x2  
  31  3:01  Drone  
  31  3:05  Drone x2  
  36  3:11  Overlord  
  36  3:21  Drone x2  
  36  3:22  Overlord  
  36  3:26  Zergling x2  
  36  3:27  Zergling x2  
  40  3:30  Drone x3  
  43  3:35  Overlord  
  43  3:43  Overlord  
  43  3:54  Drone x5, Queen  
  50  3:58  Drone x2  
  50  4:00  Overlord  
  52  4:03  Drone x2  
  52  4:07  Overlord  
  54  4:10  Spore Crawler  
  53  4:19  Spore Crawler  
  53  4:23  Spore Crawler, Drone  
  53  4:24  Drone x4  
  56  4:27  Lair  
  56  4:37  Extractor x2  
  54  4:38  Roach Warren  
  54  4:39  Drone  
  54  4:44  Drone  
  54  4:45  Drone x4  
  59  4:48  Overlord  
  59  4:58  Drone x2  
  59  4:59  Drone x6  
  64  5:11  Drone  
  64  5:13  Extractor  
  64  5:14  Drone x2, Overlord  
  66  5:15  Extractor  
  66  5:20  Roach x5  
  74  5:26  Roach x2  
  74  5:28  Glial Reconstitution  
  78  5:29  Queen  
  78  5:33  Overlord  
  80  5:41  Overlord, Roach  
  80  5:42  Roach x3  
  88  5:51  Overlord  
  88  5:54  Roach x5  
  98  5:58  Overseer  
  98  6:08  Overlord x2  
  98  6:12  Roach x6  
  110  6:19  Overlord x2  
  110  6:27  Roach x5  
  110  6:31  Roach  
  123  6:33  Ravager x4  
  123  6:37  Roach  
  128  6:43  Roach  
  128  6:44  Roach x4  
  128  6:46  Overlord  
  138  6:52  Overlord  
  138  6:53  Overlord  
  138  6:54  Ravager x2  
  140  7:05  Roach x6  
  152  7:14  Roach  
  152  7:15  Roach x4  
  150  7:32  Roach x8  
  144  7:44  Roach x8  
  136  8:05  Spire  
  136  8:08  Roach  
  136  8:09  Roach x5  
  125  8:33  Drone  
  125  8:34  Extractor, Drone x14, Evolution Chamber  
  134  8:43  Hatchery  
  117  9:08  Zerg Missile Weapons Level 1, Overlord x2  
  99  9:11  Drone  
  99  9:12  Hydralisk Den  
  95  9:19  Mutalisk x7  
  95  9:22  Queen x3  
  115  9:26  Mutalisk x2  
  105  9:42  Roach  
  105  9:43  Roach x9  
  123  9:52  Muscular Augments  
  123  9:58  Extractor, Hydralisk  
  123  9:59  Drone x7  
  131  10:00  Hydralisk x3  
  131  10:03  Roach x2  
  131  10:06  Roach  
  143  10:14  Hydralisk  
  143  10:15  Roach x3  
  151  10:22  Roach  
  151  10:23  Roach x3  
  151  10:26  Queen x2  
  163  10:29  Roach x3  
  156  10:39  Roach x6  
  154  10:46  Hydralisk x3  
  138  10:58  Roach  
  138  10:59  Roach x6  
  138  11:08  Queen  
  138  11:09  Hydralisk, Queen  
  138  11:10  Drone x4  
  138  11:11  Drone  
  145  11:17  Drone x4  
  143  11:26  Hydralisk x4  
  149  11:41  Lurker Den  
  149  11:43  Hydralisk, Drone  
  149  11:44  Extractor, Drone  
  149  11:46  Drone x2  
  149  11:49  Hydralisk x2, Drone  
Show
View Real Time Build Order
Export as new Build Order

DisK Protoss 

Build Orders: 1 Gate Expand, Oracle Opening, Phoenix Opening, Archon Immortal, Zealot Archon, Archon Drop 

Get SALT Encoding   

  12  0:00  Probe  
  13  0:12  Probe  
  14  0:20  Pylon  
  14  0:24  Probe  
  15  0:34  Probe  
  15  0:42  Gateway, Probe  
  16  0:48  Assimilator  
  17  0:52  Probe  
  18  1:00  Probe  
  18  1:08  Probe  
  20  1:27  Nexus  
  20  1:37  Cybernetics Core  
  20  1:39  Probe  
  21  1:45  Assimilator  
  21  1:51  Probe  
  22  1:57  Pylon  
  22  2:03  Probe  
  22  2:06  Adept  
  25  2:15  Warp Gate, Probe  
  26  2:25  Stargate  
  26  2:27  Probe  
  27  2:35  Adept, Probe  
  29  2:43  Probe x2  
  32  2:54  Probe  
  32  2:55  Probe  
  34  3:02  Phoenix  
  34  3:06  Probe  
  34  3:07  Probe  
  34  3:12  Pylon  
  38  3:18  Probe  
  39  3:25  Gateway  
  39  3:27  Shield Battery  
  39  3:29  Oracle  
  39  3:33  Probe x2  
  44  3:45  Probe  
  44  3:46  Probe, Assimilator x2  
  46  3:52  Robotics Facility  
  44  4:03  Twilight Council, Probe  
  44  4:04  Probe  
  46  4:11  Probe  
  46  4:15  Pylon  
  46  4:16  Probe  
  48  4:19  Probe  
  48  4:22  Pylon  
  48  4:23  Zealot  
  51  4:28  Probe  
  51  4:30  Probe  
  53  4:39  Gateway  
  53  4:40  Warp Prism, Gateway, Probe  
  53  4:43  Templar Archives  
  54  4:52  Probe  
  57  4:53  Probe  
  57  4:57  Adept  
  60  5:05  Probe  
  61  5:19  Nexus  
  61  5:21  Pylon  
  61  5:23  Pylon  
  61  5:26  Observer  
  62  5:29  Pylon  
  62  5:33  High Templar x2  
  62  5:34  High Templar  
  62  5:35  High Templar  
  70  5:36  Charge  
  70  5:37  Archon  
  70  5:39  Archon  
  70  5:41  Probe x2  
  72  5:46  Immortal  
  72  5:52  Gateway  
  72  5:53  Probe x2  
  72  5:54  Gateway  
  78  6:08  Robotics Facility  
  78  6:10  Sentry  
  78  6:11  Sentry, Zealot  
  82  6:12  Zealot  
  82  6:16  Probe x2  
  88  6:22  Immortal  
  88  6:28  Probe x2  
  88  6:29  Shield Battery  
  88  6:32  Shield Battery  
  93  6:38  Forge  
  93  6:41  Pylon  
  93  6:42  Sentry x2  
  93  6:44  Probe x2  
  97  6:52  Assimilator x2  
  99  6:54  Probe x2  
  99  6:57  Immortal  
  101  7:03  Immortal  
  109  7:11  Probe x2  
  109  7:13  Pylon  
  112  7:15  Probe  
  112  7:22  Zealot x3  
  116  7:23  Probe  
  105  7:30  Zealot x3  
  105  7:39  Immortal  
  103  7:44  Zealot x3  
  97  7:54  Zealot x3  
  93  8:04  Zealot x3  
  97  8:05  Immortal  
  93  8:15  Zealot x3  
  73  8:30  Zealot x3  
  70  8:43  Immortal, Zealot x3  
  71  8:57  Zealot x3  
  69  9:06  Zealot  
  69  9:07  Probe, Zealot x2  
  65  9:15  Immortal  
  55  9:18  Zealot x3  
  65  9:25  Probe x2  
  65  9:31  Probe  
  67  9:33  Probe x2  
  66  9:43  Probe x3  
  67  9:53  Probe  
  67  9:54  Probe x2  
  67  9:55  High Templar x5  
  67  9:57  High Templar  
  82  10:00  Archon x2  
  82  10:01  Archon  
  82  10:02  Probe x3  
  85  10:10  Probe  
  68  10:31  Zealot x5  
  68  10:32  Zealot  
  77  10:40  Probe  
  52  11:06  Probe  
  52  11:07  Probe x2  
  52  11:08  High Templar  
  52  11:09  High Templar x5  
  61  11:11  Immortal  
  61  11:17  Archon  
  61  11:18  Archon x2  
  65  11:21  Probe x2  
  65  11:23  Probe  
  55  11:34  Immortal  
  55  11:39  Zealot  
  58  11:49  High Templar x2  
  66  11:55  Zealot  
  66  11:56  Archon, Zealot  
  60  12:04  Zealot x2  
Tags
 
Add a new tag
Caveats
  • Supply blocks, unpowered buildings, or Contaminate may cause inaccurate times.
  • Supply counts are checked every 10 seconds.